 Dungeon Crawl Stone Soup version 0.29-a0-559-g359e09b9d1 (webtiles) character file.

Game seed: 15085334079133595747

242 Anon1729 the Ducker (level 6, -3/49 HPs)
             Began as a Merfolk Monk on June 10, 2022.
             Slain by a gnoll
             ... wielding a +0 flail
              (9 damage)
             ... on level 3 of the Dungeon.
             The game lasted 00:02:52 (3511 turns).

Anon1729 the Ducker (Merfolk Monk)                  Turns: 3511, Time: 00:02:53

Health: -3/49      AC:  4    Str: 11    XL:     6   Next: 9%
Magic:  6/6        EV: 15    Int:  9    God:
Gold:   209        SH:  0    Dex: 19    Spells: 5/5 levels left

rFire   . . .      SeeInvis .   a - +0 dagger (venom)
rCold   . . .      Faith    .   (no shield)
rNeg    . . .      Spirit   .   b - +0 robe
rPois   .          Reflect  .   (no helmet)
rElec   .          Harm     .   (no cloak)
rCorr   .          Rampage  .   i - +0 pair of gloves
Will    .....                   f - +0 pair of boots
Stlth   +++.......              (no amulet)
HPRegen 0.16/turn               (no ring)
MPRegen 0.10/turn               (no ring)

@: no status effects
A: (nimble swimmer 2), mertail
a: no special abilities


You were on level 3 of the Dungeon.
You visited 1 branch of the dungeon, and saw 4 of its levels.

You collected 209 gold pieces.

Inventory:

Hand Weapons
 a - a +0 dagger of venom (weapon)
 m - a +0 short sword
 r - a +0 dagger of speed
 s - a +1 short sword of freezing
Missiles
 g - 2 javelins (quivered)
 x - 2 poisoned darts
Armour
 b - a +0 robe (worn)
 f - a +0 pair of boots (worn)
 i - a +0 pair of gloves (worn)
Jewellery
 t - a ring of magical power
Wands
 w - a wand of polymorph (8)
Scrolls
 e - 6 scrolls of blinking {unknown}
 h - 4 scrolls of immolation {unknown}
 k - 2 scrolls of identify {unknown}
 l - a scroll of torment {unknown}
 o - a scroll of magic mapping {unknown}
 q - 2 scrolls of fog {unknown}
 y - a scroll of teleportation {unknown}
 A - a scroll of poison {unknown}
 B - a scroll of fear {unknown}
Potions
 c - a potion of ambrosia
 d - 2 potions of curing {unknown}
 j - 4 potions of might {unknown}
 n - 2 potions of brilliance {unknown}
 p - a potion of heal wounds {unknown}
 u - 2 potions of flight {unknown}
 v - a potion of mutation {unknown}
 z - a potion of attraction {unknown}


   Skills:
 + Level 4.6 Fighting
 + Level 5.1 Short Blades
 + Level 5.5 Dodging
 + Level 4.0 Stealth


You had 5 spell levels left.
You didn't know any spells.
Your spell library was empty.

Dungeon Overview and Level Annotations

Branches:
Dungeon (4/15)
 Temple: D:4-7

Altars:
Cheibriados
Fedhas
Kikubaaqudgha
Ru

Shops:
D:1 :


Innate Abilities, Weirdness & Mutations

((You are very nimble when in or above water. (Stealth+, EV+, Speed+++)))
Your lower body shifts to a powerful aquatic tail in water.


Message History

You hit the gnoll shaman but do no damage.
The gnoll shaman looks as sick as possible!
The gnoll shaman is moderately wounded.
The gnoll shaman closely misses you.
You barely miss the gnoll shaman.
The gnoll shaman is moderately wounded.
The gnoll closely misses you.
You hit the gnoll shaman but do no damage.
The gnoll shaman is moderately wounded.
The gnoll shaman hits you with a +0 whip.
The gnoll closely misses you.
You hit the gnoll shaman but do no damage.
The gnoll shaman looks as sick as possible!
The gnoll shaman is moderately wounded.
The gnoll shaman calls upon its god to speed up the gnoll.
The gnoll seems to speed up.
You closely miss the gnoll shaman.
The gnoll shaman is severely wounded.
The gnoll shaman completely misses you.
You hit the gnoll shaman.
The gnoll shaman looks as sick as possible!
The gnoll shaman is severely wounded.
The gnoll hits you with a +0 flail. The gnoll misses you.
The gnoll hits you from afar with a +3 spear.
You are too injured to fight recklessly!
You kill the gnoll shaman!
The gnoll misses you. The gnoll closely misses you.
The gnoll hits you from afar with a +3 spear!
* * * LOW HITPOINT WARNING * * *
Your life force feels restored.
Your Stealth skill increases to level 4!
You have reached level 6!
You climb upwards.
There is a stone staircase leading down, spattered with blood here.
The gnoll barely misses you. The gnoll completely misses you.
The gnoll attacks as you move away! The gnoll hits you with a +0 flail!
* * * LOW HITPOINT WARNING * * *
Really walk into that teleport trap?
The gnoll attacks as you move away! The gnoll hits you with a +0 flail!
You die...

.## #.######## #....# ..##
#.##_≈#..## #.#.## ...##
#.##.###..# #.#.#
#...###.##['..#.### #.#.##
.#.......#.##.....## #.#..#
....##...#_≈###.÷..#######.##.##
##.......#### ##>g## ...#####..#
#.#...#.### ###g.####### ##.##
###.###...####.@........# #..#
#.........>.^......<.<# ##.#
#.#.#.#..#.####.......# #..
####.#........####.......# ##.
.. #......###..##..#.###.# #.
####........##....##.##..# #.
..........#.##..####.##.## #.
.##....#.....#### #.##.# #.
###...####.....#####....# ##


You could see 2 gnolls.

Vanquished Creatures
  A necrophage (D:3)
  2 orc priests (D:3)
  A gnoll shaman (D:4)
  2 gnolls
  An adder (D:2)
  A worm (D:3)
  2 dart slugs
  4 orcs
  4 endoplasms
  2 giant cockroaches
  5 goblins
  7 hobgoblins
  5 kobolds
  2 quokkas
  3 ball pythons
  9 bats
  9 rats
60 creatures vanquished.

Vanquished Creatures (others)
  A fungus (D:2)
1 creature vanquished.

Grand Total: 61 creatures vanquished

Notes
Turn   | Place    | Note
-------+----------+-------------------------------------------
     0 | D:1      | Anon1729 the Merfolk Monk began the quest for the Orb.
     0 | D:1      | Reached XP level 1. HP: 18/18 MP: 1/1
    40 | D:1      | Reached XP level 2. HP: 7/24 MP: 2/2
   793 | D:1      | Reached XP level 3. HP: 29/29 MP: 3/3
   850 | D:1      | Found Siuh's Book Shop.
  1436 | D:2      | Found a faded altar of an unknown god.
  1973 | D:3      | Reached XP level 4. HP: 37/37 MP: 4/4
  2041 | D:3      | Reached skill level 5 in Dodging
  2041 | D:3      | Reached XP level 5. HP: 17/42 MP: 5/5
  2743 | D:3      | Found a sacrificial altar of Ru.
  2743 | D:3      | Found a snail-covered altar of Cheibriados.
  3082 | D:4      | Found a blossoming altar of Fedhas.
  3083 | D:4      | Found an ancient bone altar of Kikubaaqudgha.
  3167 | D:3      | Reached skill level 5 in Short Blades
  3508 | D:4      | Reached XP level 6. HP: 13/49 MP: 6/6
  3511 | D:3      | Slain by a gnoll

Illustrated notes

Levels and vault maps discovered:
D:1:      ebering_trefoil_twist, layout_basic, serial_shops, shop_coins
D:2:      layout_loops_corners, shapermc_ecumenical_altar_gd
D:3:      layout_rooms, gammafunk_temple_overflow_elements, serial_aquarium,
          aquarium_bridge_long_separate [aquarium_subvault_bridge,
          aquarium_subvault_bridge, aquarium_subvault_wall,
          aquarium_subvault_bridge, aquarium_subvault_bridge,
          aquarium_subvault_wall], aquarium_bridge_square
          [aquarium_subvault_wall, aquarium_subvault_wall,
          aquarium_subvault_bridge, aquarium_subvault_balcony],
          aquarium_window_fake, aquarium_window_fake, aquarium_window_fake,
          aquarium_window_1, aquarium_view_4,
          hangedman_abyss_or_decor_lesser_grid
D:4:      layout_gridville, grunt_temple_overflow_growth_and_decay, minivault_14

Skill      XL: |  1  2  3  4  5 |
---------------+----------------+-----
Short Blades   | 4 5 |  5.1
Stealth        | 3 4 |  4.0
Fighting       | 4 |  4.6
Dodging        | 5 |  5.5

Action                   |  1- 3 |  4- 6 || total
-------------------------+-------+-------++-------
Melee: Short sword       |    62 |    14 ||    76
       Dagger            |    55 |    72 ||   127
       Punch             |       |     2 ||     2
 Stab: Sleeping          |     3 |     3 ||     6
Armor: Robe              |    32 |    15 ||    47
Dodge: Dodged            |    74 |    66 ||   140

Table legend: (Time is in decaauts)
 A = Elapsed time spent in this place.
 B = Non-inter-level travel time spent in this place.
 C = Inter-level travel time spent in this place.
 D = Time resting spent in this place.
 E = Time spent auto-exploring this place.
 F = Levels seen in this place.
 G = Mean time per level.
                   A        B        C        D        E       F      G
               +--------+--------+--------+--------+--------+-----+--------+
         Total |   3469 |   3375 |     94 |    524 |   2352 |   4 |  867.2 |
       Dungeon |   3469 |   3375 |     94 |    524 |   2352 |   4 |  867.2 |
               +--------+--------+--------+--------+--------+-----+--------+

Top non-repeatable levels by time:
     D:3: 1445 daAuts
     D:1: 1066 daAuts
     D:2: 829 daAuts
     D:4: 128 daAuts
